 Dungeon Crawl Stone Soup version 0.31-a0-152-g6aa68a64a1 (webtiles) character file.

Game seed: 17957352662222158562

122 zazu2006 the Protected (level 5, 0/40 HPs)
             Began as a Gnoll Wanderer on June 11, 2023.
             Slain by an orc
             ... wielding a +0 flail
              (7 damage)
             ... on level 4 of the Dungeon.
             The game lasted 00:07:20 (1880 turns).

zazu2006 the Protected (Gnoll Wanderer)             Turns: 1880, Time: 00:07:20

Health: 0/40       AC:  8    Str: 13    XL:     5   Next: 6%
Magic:  0/9        EV: 12    Int: 12    God:
Gold:   119        SH:  0    Dex: 11    Spells: 9/10 levels left

rFire   . . .        a - +0 club
rCold   . . .        (no shield)
rNeg    . . .        l - +3 leather armour
rPois   .            (no helmet)
rElec   .            (no cloak)
rCorr   .            (no gloves)
SInv    .            n - +0 pair of boots
Will    .....        f - amulet of guardian spirit
Stlth   +            (no ring)
HPRegen 0.26/turn    (no ring)
MPRegen 0.11/turn

%: guardian spirit
@: no status effects
A: fangs 1, strong nose, distributed training
a: no special abilities


You were on level 4 of the Dungeon.
You visited 1 branch of the dungeon, and saw 4 of its levels.

You collected 119 gold pieces.

Inventory:

Hand Weapons
 a - a +0 club (weapon)
Armour
 d - a +0 chain mail
 l - a +3 leather armour (worn)
 n - a +0 pair of boots (worn)
Jewellery
 f - an amulet of guardian spirit (around neck)
 i - an amulet of faith
 o - a ring of fire
Scrolls
 b - 2 scrolls of vulnerability
Potions
 c - a potion of enlightenment {unknown}
 e - a potion of berserk rage {unknown}
 j - a potion of resistance
 k - a potion of attraction
 p - 3 potions of curing {unknown}
 q - a potion of cancellation {unknown}


   Skills:
 + Level 2.9 Fighting
 + Level 1.4 Short Blades
 + Level 1.4 Long Blades
 + Level 1.4 Axes
 + Level 1.4 Maces & Flails
 + Level 1.4 Polearms
 + Level 1.4 Staves
 + Level 1.4 Ranged Weapons
 + Level 1.4 Throwing
 + Level 10.5 Armour
 + Level 2.9 Dodging
 + Level 1.4 Stealth
 + Level 1.4 Shields
 + Level 1.4 Unarmed Combat
 + Level 3.1 Spellcasting
 + Level 1.1 Conjurations
 + Level 1.1 Hexes
 + Level 1.1 Summonings
 + Level 1.1 Necromancy
 + Level 2.3 Translocations
 + Level 1.1 Transmutations
 + Level 1.1 Fire Magic
 + Level 1.1 Ice Magic
 + Level 1.1 Air Magic
 + Level 1.1 Earth Magic
 + Level 1.1 Poison Magic
 + Level 1.5 Invocations
 + Level 2.9 Evocations


You had 9 spell levels left.
You knew the following spells:

 Your Spells              Type           Power      Damage    Failure   Level
a - Apportation           Tloc           14%        N/A       11%         1

Your spell library contained the following spells:

 Spells                   Type           Power      Damage    Failure   Level
 Gell's Gravitas          Tloc           7%         N/A       32%         3


Dungeon Overview and Level Annotations

Branches:
Dungeon (4/15)
 Temple: D:4-7

Altars:

Portals:
Sewer: D:4

Annotations:
D:4 Pargi


Innate Abilities, Weirdness & Mutations

You have very sharp teeth.
Your uncanny sense of smell can sniff out nearby items.
Your experience applies equally to all skills.


Message History

You miss something. Your bite misses something. Something hits you.
Something hits you but does no damage.
You hit something. Something hits you but does no damage.
You barely miss something.
You hear the slow rusting of a very distant drain.
Something hits you but does no damage.
You hit something. Something hits you but does no damage.
You barely miss something. Something hits you but does no damage.
You hear some strange, mumbled words.
Something tries to affect you, but you resist.
You hit something.
You hear some strange, mumbled words.
You are confused.
You completely miss something. Something hits you.
Something hits you but does no damage.
You miss something. Something hits you but does no damage.
You bump into the rock wall.
Something hits you.
You completely miss something.
You feel less confused. Something hits you but does no damage.
Something hits you.
* * * LOW HITPOINT WARNING * * *
You barely miss something. Something hits you but does no damage.
You barely miss something. You bite something.
Reactivating autopickup.
You feel a bit more experienced.
You have reached level 5!
Unknown command.
Unknown command.
You hit the orc.
The orc is lightly wounded.
The orc hits you with a +0 flail.
* * * LOW HITPOINT WARNING * * *
You hit the orc but do no damage. Your punch misses the orc.
The orc is lightly wounded.
The orc barely misses you. The orc hits you with a +0 flail.
* * * LOW HITPOINT WARNING * * *
You hit the orc but do no damage.
The orc is lightly wounded.
The orc hits you with a +0 flail!
You die...

. . #. ###.#####
#.......#
#.......###########
#........)o@.......
#.......###########
#.............#
####.####o.##.# #.#
# .....##.# #.#
∆#...o{##)# #.#
#<....##.# #.#
#..#..##.# #.#
.......##.# #.#


You could see an orc.

Vanquished Creatures
  An iguana (D:4)
  An orc wizard (D:4)
  An adder (D:2)
  2 worms
  An orc (D:4)
  2 ball pythons
  4 bats
  An endoplasm (D:2)
  3 giant cockroaches
  4 goblins
  6 hobgoblins
  6 jackals (D:2)
  7 kobolds
  3 quokkas
  2 frilled lizards (D:1)
  3 rats
47 creatures vanquished.

Notes
Turn   | Place    | Note
-------+----------+-------------------------------------------
     0 | D:1      | Reached skill level 10 in Armour
     0 | D:1      | zazu2006 the Gnoll Wanderer began the quest for the Orb.
     0 | D:1      | zazu2006 set off with the following items: a +0 club, a
                  | scroll of vulnerability, a scroll of butterflies, a +0
                  | chain mail; and the following spell memorised: Apportation;
                  | and the following spells available to memorise: Gell's
                  | Gravitas.
     0 | D:1      | Reached XP level 1. HP: 17/17 MP: 4/4
   224 | D:1      | Reached XP level 2. HP: 23/23 MP: 5/5
  1020 | D:2      | Reached XP level 3. HP: 26/28 MP: 5/7
  1054 | D:2      | Reached skill level 1 in Invocations
  1171 | D:2      | Reached skill level 1 in Short Blades
  1171 | D:2      | Reached skill level 1 in Long Blades
  1171 | D:2      | Reached skill level 1 in Axes
  1171 | D:2      | Reached skill level 1 in Maces & Flails
  1171 | D:2      | Reached skill level 1 in Polearms
  1171 | D:2      | Reached skill level 1 in Staves
  1171 | D:2      | Reached skill level 1 in Ranged Weapons
  1171 | D:2      | Reached skill level 1 in Throwing
  1171 | D:2      | Reached skill level 1 in Stealth
  1171 | D:2      | Reached skill level 1 in Shields
  1171 | D:2      | Reached skill level 1 in Unarmed Combat
  1422 | D:2      | Reached XP level 4. HP: 34/34 MP: 8/8
  1675 | D:4      | Noticed Pargi
  1785 | D:4      | Found a glowing drain.
  1833 | D:4      | Reached skill level 1 in Conjurations
  1833 | D:4      | Reached skill level 1 in Hexes
  1833 | D:4      | Reached skill level 1 in Summonings
  1833 | D:4      | Reached skill level 1 in Necromancy
  1833 | D:4      | Reached skill level 1 in Transmutations
  1833 | D:4      | Reached skill level 1 in Fire Magic
  1833 | D:4      | Reached skill level 1 in Ice Magic
  1833 | D:4      | Reached skill level 1 in Air Magic
  1833 | D:4      | Reached skill level 1 in Earth Magic
  1833 | D:4      | Reached skill level 1 in Poison Magic
  1878 | D:4      | Reached XP level 5. HP: 12/40 MP: 2/9
  1880 | D:4      | Slain by an orc

Illustrated notes

Levels and vault maps discovered:
D:1:      psy_arrival_whirlpool, layout_basic, nicolae_hexahallways,
          dk_noncrumbling_2, chequers_serial_rivers_large_a
D:2:      layout_rooms, minmay_stone_trees_small
D:3:      gammafunk_steamed_eel, layout_basic, minmay_tree_intersection,
          goddamned_bats
D:4:      layout_basic, cheibrodos_sewer_entry_bend, uniq_pargi, uniq_ijyb,
          uniq_blork_the_orc

Skill      XL: |  1  2  3  4 |
---------------+-------------+-----
Armour         | | 10.5
Translocations | 2 |  2.3
Invocations    | 1 |  1.5
Short Blades   | 1 |  1.4
Long Blades    | 1 |  1.4
Axes           | 1 |  1.4
Maces & Flails | 1 |  1.4
Polearms       | 1 |  1.4
Staves         | 1 |  1.4
Ranged Weapons | 1 |  1.4
Throwing       | 1 |  1.4
Stealth        | 1 |  1.4
Shields        | 1 |  1.4
Unarmed Combat | 1 |  1.4
Spellcasting   | 3 |  3.1
Conjurations   | 1 |  1.1
Hexes          | 1 |  1.1
Summonings     | 1 |  1.1
Necromancy     | 1 |  1.1
Transmutations | 1 |  1.1
Fire Magic     | 1 |  1.1
Ice Magic      | 1 |  1.1
Air Magic      | 1 |  1.1
Earth Magic    | 1 |  1.1
Poison Magic   | 1 |  1.1
Fighting       | |  2.9
Dodging        | |  2.9
Evocations     | |  2.9

Action                     |  1- 3 |  4- 6 || total
---------------------------+-------+-------++-------
  Melee: Club              |   220 |    80 ||   300
         Bite              |    22 |     9 ||    31
         Punch             |     2 |     3 ||     5
    Use: Scroll            |       |     4 ||     4
         Potion            |       |     1 ||     1
   Stab: Sleeping          |       |     1 ||     1
 Armour: Chain mail        |    67 |       ||    67
         Leather armour    |    66 |    40 ||   106
  Dodge: Dodged            |   139 |    36 ||   175

Table legend: (Time is in decaauts)
 A = Elapsed time spent in this place.
 B = Non-inter-level travel time spent in this place.
 C = Inter-level travel time spent in this place.
 D = Time resting spent in this place.
 E = Time spent auto-exploring this place.
 F = Levels seen in this place.
 G = Mean time per level.
                   A        B        C        D        E       F      G
               +--------+--------+--------+--------+--------+-----+--------+
         Total |   1968 |   1858 |    110 |      0 |   1108 |   4 |  492.0 |
       Dungeon |   1968 |   1858 |    110 |      0 |   1108 |   4 |  492.0 |
               +--------+--------+--------+--------+--------+-----+--------+

Top non-repeatable levels by time:
     D:1: 994 daAuts
     D:2: 639 daAuts
     D:4: 217 daAuts
     D:3: 116 daAuts
